 Dungeon Crawl Stone Soup version 0.31.0-11-ge490571c62 (webtiles) character file.

Game seed: 7760800947643986586

17 Aldia the Sneak (level 2, 15/15 HPs)
             Began as a Vine Stalker Brigand on Jan 31, 2024.
             Quit the game on level 1 of the Dungeon.
             The game lasted 00:00:54 (284 turns).

Aldia the Sneak (Vine Stalker Brigand)               Turns: 284, Time: 00:00:55

Health: 15/15      AC:  3    Str: 13    XL:     2   Next: 62%
Magic:  3/3        EV: 12    Int: 11    God:
Gold:   28         SH:  0    Dex: 15    Spells: 1/1 levels left

rFire   . . .        a - +2 dagger
rCold   . . .        (no shield)
rNeg    . . .        b - +0 robe
rPois   .            (no helmet)
rElec   .            c - +0 cloak
rCorr   .            (no gloves)
SInv    .            (no boots)
Will    .....        (no amulet)
Stlth   +++          (no ring)
HPRegen 1.02/turn    (no ring)
MPRegen 0.08/turn

%: guardian spirit
@: no status effects
A: fangs 2, regeneration 1, magic shield, antimagic bite, no potion heal 2
a: no special abilities


You were on level 1 of the Dungeon.
You visited 1 branch of the dungeon, and saw 1 of its levels.

You collected 28 gold pieces.

Inventory:

Hand Weapons
 a - a +2 dagger (weapon)
Missiles
 d - 9 poisoned darts (quivered)
 e - 3 curare-tipped darts
Armour
 b - a +0 robe (worn)
 c - a +0 cloak (worn)
Scrolls
 g - a scroll of identify {unknown}
 h - a scroll of amnesia {unknown}
 i - a scroll of poison {unknown}
Potions
 f - a potion of enlightenment {unknown}


   Skills:
 + Level 2.0 Fighting
 * Level 2.2 Short Blades
 - Level 1.7 Throwing
 + Level 1.1 Dodging
 + Level 5.0 Stealth


You had one spell level left.
You didn't know any spells.
Your spell library contained the following spells:

 Spells                   Type           Power      Damage    Failure   Level
 Animate Dead             Necr           0%         N/A       98%         4
 Haunt                    Necr/Summ      0%         N/A       100%        7
 Infestation              Necr           0%         N/A       100%        8


Dungeon Overview and Level Annotations

Branches:
Dungeon (1/15)

Altars:


Innate Abilities, Weirdness & Mutations

You have extremely sharp teeth.
Your natural rate of healing is unusually fast.
When hurt, damage is shared between your health and your magic reserves.
Your bite disrupts and absorbs the magic of your enemies.
Potions cannot restore your health.


Message History

You miss the jackal.
The jackal is heavily wounded.
The jackal bites you but does no damage.
You closely miss the jackal. Your bite misses the jackal.
The jackal is heavily wounded.
The jackal bites you. The jackal completely misses you.
You hit the jackal. You bite the jackal, but do no damage.
The jackal is almost dead.
The jackal barely misses you.
You hit the jackal but do no damage. You bite the jackal.
You kill the jackal!
You hit the ball python.
You kill the ball python!
No target in view!
No target in view!
You see here a ball python corpse.
Found a spear.
i - a scroll labelled JEV KIJIDASK A bat and a kobold come into view.
The kobold shouts!
The bat hits you. The bat barely misses you.
You barely miss the bat. Your bite misses the bat. The bat misses you.
The bat hits you.
You hit the bat. Your bite misses the bat.
The bat is heavily wounded.
The bat hits you but does no damage. The bat completely misses you.
You hit the bat.
You kill the bat!
You hit the kobold. You bite the kobold.
You kill the kobold!
No target in view!
No target in view!
No target in view!
You see here a +0 dagger.
You now have 28 gold pieces (gained 8).
There is a stone staircase leading down here.
You open the door.
A frilled lizard comes into view.
A frilled lizard is nearby!
Are you sure you want to abandon this character and quit the game? (Confirm with "yes".)

##P........... ####
#~P.......... ....
#~~P....[.... .....
######≈~~P.......P .....
#...##≈≈~~P.....P~
......#...##≈≈≈~~P.<.P~≈
...l..#...##≈≈≈≈P.....P~
......'....#≈≈~P.......P
#@...#≈~P.........
#....#~P..........
#....#P...........
#...........>.....
#...############.#
#...##........##.#
#...##.######.....
#...##.# ###..#
######.########..#


You could see a frilled lizard (asleep).

Vanquished Creatures
  2 dart slugs (D:1)
  2 ball pythons (D:1)
  A bat (D:1)
  An endoplasm (D:1)
  A giant cockroach (D:1)
  A goblin (D:1)
  2 jackals (D:1)
  A kobold (D:1)
11 creatures vanquished.

Notes
Turn   | Place    | Note
-------+----------+-------------------------------------------
     0 | D:1      | Aldia the Vine Stalker Brigand began the quest for the Orb.
     0 | D:1      | Reached XP level 1. HP: 11/11 MP: 2/2
    58 | D:1      | Reached skill level 1 in Dodging
    58 | D:1      | Reached XP level 2. HP: 15/15 MP: 3/3
    79 | D:1      | Reached skill level 5 in Stealth
   284 | D:1      | Quit the game

Illustrated notes

Levels and vault maps discovered:
D:1:      eino_arrival_druids_welcome, layout_basic

Skill      XL: |  1  2 |
---------------+-------+-----
Short Blades   | 2 |  2.2
Dodging        | 1 |  1.1
Fighting       | 2 |  2.0
Stealth        | 5 |  5.0
Throwing       | |  1.7

Action                     || total
---------------------------++-------
  Melee: Dagger            ||    26
         Bite              ||    10
   Stab: Sleeping          ||     3
 Armour: Robe              ||     9
  Dodge: Dodged            ||    12
